 Dungeon Crawl Stone Soup version 0.27-a0-1384-g1422d76b99 (webtiles) character file.

Game seed: 8690327378120375958

183 Sobieck the Spear-Bearer (level 5, -5/61 HPs)
             Began as a Merfolk Berserker on June 30, 2021.
             Was a Believer of Trog.
             Slain by Natasha (8 damage)
             ... on level 4 of the Dungeon.
             The game lasted 00:05:09 (2160 turns).

Sobieck the Spear-Bearer (Merfolk Berserker)        Turns: 2160, Time: 00:05:09

Health: -5/61      AC:  2    Str: 18    XL:     5   Next: 62%
Magic:  5/5        EV: 13    Int:  6    God:    Trog [**....]
Gold:   78         SH:  0    Dex: 14    Spells: 4/4 levels left

rFire    . . .     SeeInvis .   a - +0 halberd {polearm}
rCold    . . .     Faith    .   (shield currently unavailable)
rNeg     . . .     Spirit   .   m - +0 animal skin
rPois    .         Reflect  .   (no helmet)
rElec    .         Harm     .   (no cloak)
rCorr    .         Rampage  .   (no gloves)
Will     .....                  (no boots)
Stlth    ..........             (no amulet)
HPRegen  0.20/turn              (no ring)
MPRegen  0.09/turn              (no ring)

@: berserking, slowed
A: (nimble swimmer 2), mertail
a: Renounce Religion, Berserk, Trog's Hand


You were on level 4 of the Dungeon.
You worshipped Trog.
Trog was pleased with you.
You visited 1 branch of the dungeon, and saw 4 of its levels.

You collected 78 gold pieces.


Innate Abilities, Weirdness & Mutations

((You are quick and stealthy near water. (Stealth+, EV+, Speed+++)))
Your lower body shifts to a powerful aquatic tail in water.


   Skills:
 - Level 3.4 Fighting
 * Level 8.5 Polearms
 - Level 1.5 Armour
 - Level 3.0 Dodging
 - Level 0.1 Stealth


You had 4 spell levels left.
You didn't know any spells.
Your spell library was empty.

Inventory:

Hand Weapons
 a - a +0 halberd (weapon) {polearm}
   (You took it off a gnoll on level 3 of the Dungeon)
 b - a +0 hunting sling {sling}
   (You found it on level 3 of the Dungeon)
 j - a +0 spear {polearm}
Missiles
 f - 40 stones (quivered) {throwing}
 g - 19 bolts
 l - 46 arrows
Armour
 m - a +0 animal skin (worn)
Wands
 i - a wand of flame (33)
   (You found it on level 3 of the Dungeon)
Scrolls
 c - 2 scrolls of teleportation {unknown}
 d - 2 scrolls of noise {unknown}
 h - 3 scrolls of fog {unknown}
 n - a scroll of amnesia {unknown}
Potions
 e - a potion of might {unknown}
 k - a potion of invisibility {unknown}

Dungeon Overview and Level Annotations

Branches:
Dungeon (4/15)
 Temple: D:4-7

Altars:
Ashenzari
Sif Muna
Zin

Annotations:
D:2 Sigmund
D:4 Dowan, Duvessa, Natasha

#
#e####
#eh@.#
#.#.##
# ...
.####
#. #


You could see Duvessa, Dowan and Natasha.


Message History

Trog accepts your kill.
No target in view!
Things that are here:
a +0 dagger {short}; a goblin corpse You see here the felid corpse of Natasha.
i - a wand of flame (33) (gained 18 charges)
Things that are here:
a +0 dagger {short}; a +0 chain mail
l - 24 arrows
d - 2 scrolls labelled SOIRUNT POTZ (gained 1)
Found a shimmering blue altar of Sif Muna.
No target in view!
You now have 78 gold pieces (gained 14).
Found a broken altar of Ashenzari.
You see here a +0 hunting sling {sling}.
m - a +0 hunting sling {sling} Natasha, Servant of Life and Death comes into view.
Natasha moves out of view.
Adjust (i)tems, (s)pells, or (a)bilities?
j - a +0 halberd (weapon)
{polearm} Adjust to which letter? (? for menu, Esc to quit)
a - a +0 halberd (weapon)
{polearm};
j - a +0 spear {polearm} Adjust (i)tems, (s)pells, or (a)bilities?
m - a +0 hunting sling {sling} Adjust to which letter? (? for menu, Esc to quit)
b - a +0 hunting sling {sling};
m - a +0 animal skin (worn)
b - a +0 hunting sling (weapon)
{sling}
n - a scroll labelled KACIAD NOROS;
l - 46 arrows (gained 22) 2 goblins come into view.
The goblin shouts!
You hear a shout!
You hear an angry hiss.
A goblin comes into view. It is wielding a +0 club.
You hear a shout!
You shoot a stone {throwing}. The goblin shouts!
The stone {throwing} hits Natasha.
A goblin comes into view. It is wielding a +0 club.
Natasha howls an incantation.
Natasha glows brightly for a moment.
Natasha wildly gestures.
You feel troubled.
Natasha mumbles some strange words.
Natasha casts a spell at you. The magic dart hits you. 😕 HP[-6]
You take 6 damage, and now have 35/41 hp.
The white imp gestures at you. The puff of frost hits you! 😮 HP[-9]
You take 9 damage, and now have 26/41 hp.
MASSIVE DAMAGE!! (PAUSE)
The white imp lashes its tail.
Natasha casts a spell at you. You resist with some effort.
Natasha casts a spell at you.
You feel yourself slow down. The white imp gestures at you.
The puff of frost hits you!
* * * LOW HITPOINT WARNING * * *
😨 HP[-12]
You take 12 damage, and now have 14/41 hp.
MASSIVE DAMAGE!! (PAUSE)
Found a stone staircase leading down.
Okay, then.
Natasha hisses.
Natasha stares at you and mumbles some strange words.
The magic dart hits you!
* * * LOW HITPOINT WARNING * * *
😱 HP[-7]
You take 7 damage, and now have 7/41 hp. 😱 HP[+1] Natasha howls an incantation.
You feel disoriented.
Natasha wildly gestures.
Natasha glows brightly for a moment.
Natasha stares at you and mumbles some strange words.
The magic dart hits you!
* * * LOW HITPOINT WARNING * * *
Natasha barely misses you.
There is a stone staircase leading down here. 😱 HP[-7]
You take 7 damage, and now have 1/41 hp.
Unknown command.
Natasha hisses.
Natasha closely misses you. The goblin barely misses you.
You climb downwards.
The white imp disappears in a puff of smoke!
Dowan, Brother of Duvessa comes into view.
He is wielding a +0 dagger.
There is a stone staircase leading up here.
a - a +0 halberd (weapon)
{polearm} Dowan shouts!
You hear a shout!
Natasha stares at you and mumbles some strange words.
You resist with some effort. 😱 HP[+1]
A red film seems to cover your vision as you go berserk!
You feel yourself moving faster!
You feel mighty!
Duvessa, Sister of Dowan comes into view.
She is wielding a +0 short sword and carrying a wand of polymorph (7).
Natasha howls an incantation.
Natasha shimmers violently.
Natasha claws you!
You die...

Skill      XL: |  1  2  3  4  5 |
---------------+----------------+-----
Dodging        | 3 |  3.0
Polearms       | 5 6 7 8 |  8.5
Fighting       | |  3.4
Armour         | |  1.5
Stealth        | |  0.1

Action                   |  1- 3 |  4- 6 || total
-------------------------+-------+-------++-------
Melee: Spear             |   102 |       ||   102
       Halberd           |       |    32 ||    32
 Fire: Hunting sling     |       |     1 ||     1
Invok: Berserk           |     3 |     3 ||     6
 Stab: Sleeping          |     2 |       ||     2
Armor: Animal skin       |    10 |     5 ||    15
Dodge: Dodged            |    32 |    12 ||    44

Levels and vault maps discovered:
D:1:      dpeg_arrival_boxorama, layout_loops_ring
D:2:      layout_basic, serial_shops, nicolae_shop_trees, basic_altar,
          shapermc_ecumenical_altar_venn, uniq_sigmund
D:3:      layout_basic, grunt_temple_overflow_open, kennysheep_generic_room_11,
          uniq_jessica, uniq_ijyb, uniq_robin, uniq_natasha
D:4:      kennysheep_the_goblin_king, layout_basic,
          nicolae_dithmenos_through_a_glass_darkly, minmay_ruined_shrine,
          uniq_menkaure, uniq_edmund, uniq_duvessa

Notes
Turn   | Place    | Note
-------+----------+-------------------------------------------
     0 | D:1      | Sobieck the Merfolk Berserker began the quest for the Orb.
     0 | D:1      | Reached XP level 1. HP: 18/18 MP: 1/1
     0 | D:1      | magus.rc [v1.9.6]
   333 | D:1      | Reached XP level 2. HP: 24/24 MP: 2/2
   432 | D:1      | Reached skill level 3 in Dodging
   536 | D:1      | Reached skill level 5 in Polearms
   766 | D:1      | Reached XP level 3. HP: 29/29 MP: 3/3
   850 | D:2      | Noticed Sigmund
  1228 | D:2      | Found a glowing silver altar of Zin.
  1400 | D:3      | Noticed Natasha
  1518 | D:3      | Reached ** piety under Trog
  1519 | D:3      | Reached skill level 6 in Polearms
  1542 | D:3      | Reached XP level 4. HP: 31/35 MP: 4/4
  1674 | D:3      | Reached skill level 7 in Polearms
  1716 | D:3      | Killed Natasha
  1717 | D:3      | Reached XP level 5. HP: 39/41 MP: 5/5
  1902 | D:3      | Noticed Ijyb
  1909 | D:3      | Killed Ijyb
  1910 | D:3      | Reached skill level 8 in Polearms
  1931 | D:3      | Noticed Natasha
  1938 | D:3      | Killed Natasha
  2113 | D:3      | Found a shimmering blue altar of Sif Muna.
  2119 | D:3      | Found a broken altar of Ashenzari.
  2125 | D:3      | Noticed Natasha
  2152 | D:3      | HP: 7/41 [Natasha/magic dart (7)]
  2155 | D:3      | HP: 1/41 [Natasha/magic dart (7)]
  2158 | D:4      | Noticed Dowan
  2160 | D:4      | Noticed Duvessa
  2160 | D:4      | Slain by Natasha

Vanquished Creatures
  A centaur skeleton (D:3)
  Ijyb (D:3)
  Natasha (twice) (D:3)
  3 gnolls (D:3)
  A howler monkey zombie (D:3)
  A dart slug (D:2)
  3 endoplasms
  2 giant cockroaches
  2 goblins
  4 hobgoblins (D:1)
  3 jackals (D:1)
  2 bats
  5 frilled lizards
  5 kobolds (D:1)
  7 rats
42 creatures vanquished.

Table legend:
 A = Non-vault XP
 B = Vault XP
 C = Vault XP percentage of total XP
 D = Non-vault monster count
 E = Vault monster count
 F = Vault count percentage of total count
                 A         B        C        D         E       F
            +---------+---------+-------+---------+---------+-------
      Total |     173 |      89 |  34.0 |      39 |       3 |   7.1
            +---------+---------+-------+---------+---------+-------
        D:1 |      37 |       0 |   0.0 |      24 |       0 |   0.0
        D:2 |       5 |       0 |   0.0 |       2 |       0 |   0.0
        D:3 |     131 |      89 |  40.5 |      13 |       3 |  18.8
            +---------+---------+-------+---------+---------+-------

Illustrated notes

Table legend:
 A = Kills in this place as a percentage of kills in entire the game.
 B = Kills by you in this place as a percentage of kills by you in the entire game.
 C = Kills by friends in this place as a percentage of kills by friends in the entire game.
 D = Other kills in this place as a percentage of other kills in the entire game.
 E = Experience gained in this place as a percentage of experience gained in the entire game.
 F = Experience gained in this place divided by the number of levels of this place that you have seen.
                   A       B       C       D       E      F
               +-------+-------+-------+-------+-------+----------------------
         Total | 100.0 | 100.0 |   N/A |   N/A | 100.0 |  65.5
       Dungeon | 100.0 | 100.0 |   N/A |   N/A | 100.0 |  65.5
               +-------+-------+-------+-------+-------+----------------------

Table legend: (Time is in decaauts)
 A = Elapsed time spent in this place.
 B = Non-inter-level travel time spent in this place.
 C = Inter-level travel time spent in this place.
 D = Time resting spent in this place.
 E = Time spent auto-exploring this place.
 F = Levels seen in this place.
 G = Mean time per level.
                   A        B        C        D        E       F      G
               +--------+--------+--------+--------+--------+-----+--------+
         Total |   2200 |   2114 |     86 |    560 |   1220 |   4 |  550.0 |
       Dungeon |   2200 |   2114 |     86 |    560 |   1220 |   4 |  550.0 |
               +--------+--------+--------+--------+--------+-----+--------+

Top non-repeatable levels by time:
     D:1: 1203 daAuts
     D:3: 845 daAuts
     D:2: 149 daAuts
     D:4: 1 daAuts
